 Dungeon Crawl Stone Soup version 0.16.2-12-gd0ad4c3 (webtiles) character file.

195 Seneschal the Sneak (level 5, -3/27 HPs)
             Began as a Spriggan Assassin on Sept 22, 2015.
             Slain by a phantom (5 damage)
             ... on level 4 of the Dungeon.
             The game lasted 00:20:13 (3625 turns).

Seneschal the Sneak (Spriggan Assassin)             Turns: 3625, Time: 00:20:13

Health: -3/27      AC:  3    Str:  7    XL:     5   Next: 45%
Magic:  10/10      EV: 20    Int: 13    God:
Gold:   201        SH:  0    Dex: 18    Spells: 0 memorised, 4 levels left

rFire  . . .     SeeInvis +     a - +2 dagger
rCold  . . .     Clarity  .     q - +0 robe
rNeg   . . .     SustAb   .     (shield restricted)
rPois  .         Gourm    .     (helmet restricted)
rElec  .         Spirit   .     d - +0 cloak
rCorr  .         Warding  .     (gloves unavailable)
rMut   .         Stasis   .     (boots unavailable)
MR     .....                    (no amulet)
Stlth  ++++......               (no ring)
                                u - ring of see invisible

@: very quick, not resistant to hostile enchantments, stealthy
A: unfitting armour, see invisible, herbivore 3, speed 3, slow metabolism 2
a: no special abilities


You were on level 4 of the Dungeon.
You were hungry.

You visited 1 branch of the dungeon, and saw 4 of its levels.
You also visited: Ossuary.

You collected 201 gold pieces.

Inventory:

Hand weapons
 a - a +2 dagger (weapon)
 b - a +0 blowgun
 r - a cursed -2 dagger
Missiles
 e - 24 poisoned needles
 f - 2 curare-tipped needles
Armour
 c - a +0 robe
 d - a +0 cloak (worn)
 j - a +0 pair of gloves
 q - a +0 robe (worn)
Jewellery
 u - a ring of see invisible (left hand)
Scrolls
 h - 6 scrolls of identify
 i - a scroll of enchant armour {unknown}
 n - a scroll of remove curse
 p - a scroll of noise
 s - a scroll of recharging
 w - 2 scrolls of blinking
Potions
 l - a potion of brilliance
Comestibles
 g - a bread ration
 m - a slice of pizza


   Skills:
 * Level 2.5 Fighting
 * Level 3.2 Short Blades
 - Level 2.1 Throwing
 * Level 4.4 Dodging
 + Level 7.4 Stealth


You had 4 spell levels left.
You didn't know any spells.

Dungeon Overview and Level Annotations

Branches:
Dungeon (4/15)
 Temple: D:4-7

Altars:
Nemelex Xobeh

Annotations:
D:3 Typee's ghost, average DsAK
D:4 Pikel; Typee's ghost, average DsAK


Innate Abilities, Weirdness & Mutations

You are tiny and cannot use many weapons and most armour.
You have supernaturally acute eyesight.
You are a herbivore.
You cover ground extremely quickly.
You need consume almost no food.


Message History

The phantom completely misses you.
You barely miss the phantom.
The phantom is severely damaged.
The phantom hits you.
You hit the phantom.
The phantom is severely damaged.
You hit the phantom.
The phantom is almost destroyed.
The phantom hits you!
* * * LOW HITPOINT WARNING * * *
You are too injured to fight recklessly!
You are too injured to fight recklessly!
You are too injured to fight recklessly!
You are too injured to fight recklessly!
You are too injured to fight recklessly!
You are feeling hungry.
You hit the phantom.
The phantom is almost destroyed.
The phantom hits you.
You die...

#.# #.# #)#
#.# #.# #.#
##>##
##..W##
#####.###@#
#.....# #.#
#.###.###.#
#.####...##
#..# #####
##.# #.#
#.# #.#


You could see a phantom.

Vanquished Creatures
  A slave (D:4)
  4 worker ants (D:4)
  A big kobold zombie (Ossuary)
  A giant mite (D:4)
  An adder (D:3)
  2 worms
  3 giant geckos
  2 orcs
  A bat skeleton (D:4)
  3 giant cockroaches
  3 goblins
  3 hobgoblins
  2 jackals (D:1)
  5 kobolds
  6 bats
  3 giant newts
  A hobgoblin zombie (Ossuary)
  A jackal zombie (Ossuary)
  13 rats
  A rat zombie (Ossuary)
57 creatures vanquished.

Notes
Turn   | Place    | Note
--------------------------------------------------------------
     0 | D:1      | Seneschal, the Spriggan Assassin, began the quest for the Orb.
     0 | D:1      | Reached XP level 1. HP: 10/10 MP: 2/2
    47 | D:1      | Reached skill level 6 in Stealth
   275 | D:1      | Reached XP level 2. HP: 11/14 MP: 4/4
   871 | D:2      | Reached XP level 3. HP: 18/18 MP: 6/6
  1180 | D:2      | Found a sparkling altar of Nemelex Xobeh.
  1350 | D:3      | Noticed Typee's ghost (average DsAK)
  2918 | D:4      | Reached XP level 4. HP: 23/23 MP: 8/8
  2951 | D:4      | Reached skill level 7 in Stealth
  3039 | D:4      | Reached XP level 5. HP: 25/27 MP: 10/10
  3056 | D:4      | Found a sand-covered staircase.
  3060 | D:4      | Noticed a slave
  3092 | D:4      | Noticed Pikel
  3092 | D:4      | Noticed a slave
  3092 | D:4      | Noticed a slave
  3092 | D:4      | Noticed a slave
  3159 | D:4      | Killed a slave
  3269 | Ossuary  | Entered an ossuary
  3421 | D:4      | Noticed Typee's ghost (average DsAK)
  3533 | D:4      | Noticed a phantom
  3625 | D:4      | Slain by a phantom

Action                   |  1- 3 |  4- 6 || total
-------------------------+-------+-------++-------
Melee: Dagger            |    94 |   102 ||   196
 Fire: Blowgun           |    37 |       ||    37
  Use: Scroll            |     9 |     3 ||    12
       Potion            |       |     7 ||     7
 Stab: Sleeping          |    14 |     9 ||    23
